 Dungeon Crawl Stone Soup version 0.27.1 (webtiles) character file.

Game seed: 6303734954539903118

112 ZARRMARR the Shooter (level 4, -1/24 HPs)
             Began as a Deep Elf Arcane Marksman on Sept 2, 2021.
             Slain by an orc (4 damage)
             ... on level 3 of the Dungeon.
             The game lasted 00:11:38 (1964 turns).

ZARRMARR the Shooter (Deep Elf Arcane Marksman)     Turns: 1964, Time: 00:11:38

Health: -1/24      AC:  3    Str:  7    XL:     4   Next: 63%
Magic:  4/8        EV: 12    Int: 19    God:
Gold:   112        SH:  0    Dex: 15    Spells: 5/6 levels left

rFire    . . .     SeeInvis .   c - +0 short sword
rCold    + . .     Faith    .   (no shield)
rNeg     . . .     Spirit   .   d - +0 robe
rPois    .         Reflect  .   (no helmet)
rElec    .         Harm     .   (no cloak)
rCorr    .         Rampage  .   h - +0 pair of gloves
Will     .....                  (no boots)
Stlth    +.........             f - amulet of regeneration
HPRegen  1.08/turn              m - ring of protection from cold
MPRegen  0.11/turn              (no ring)

@: no status effects
A: no striking features
a: no special abilities


You were on level 3 of the Dungeon.
You visited 1 branch of the dungeon, and saw 3 of its levels.

You collected 112 gold pieces.

Inventory:

Hand Weapons
 a - a +0 shortbow
 c - a +0 short sword (weapon)
Armour
 d - a +0 robe (worn)
 h - a +0 pair of gloves (worn)
Jewellery
 f - an amulet of regeneration (around neck)
 m - a ring of protection from cold (left hand)
Scrolls
 j - a scroll of teleportation
 l - a scroll of noise {unknown}
Potions
 b - a potion of lignification {unknown}
 e - a potion of mutation {unknown}
 g - a potion of degeneration {unknown}
 i - a potion of curing {unknown}
 k - a potion of might {unknown}


   Skills:
 - Level 0.7 Fighting
 + Level 6.5 Bows
 - Level 2.4 Dodging
 - Level 1.5 Spellcasting
 - Level 4.0 Hexes


You had 5 spell levels left.
You knew the following spells:

 Your Spells              Type           Power      Damage    Failure   Level
a - Corona                Hex            17%        N/A       3%          1

Your spell library contained the following spells:

 Spells                   Type           Power      Damage    Failure   Level
 Slow                     Hex            16%        N/A       5%          2
 Dazzling Flash           Conj/Hex       18%        N/A       24%         3
 Inner Flame              Hex/Fire       9%         N/A       24%         3
 Portal Projectile        Hex/Tloc       18%        N/A       24%         3
 Cause Fear               Hex            8%         N/A       34%         4
 Gell's Gravitas          Tloc           0%         N/A       47%         3
 Lesser Beckoning         Tloc           0%         N/A       47%         3
 Teleport Other           Tloc           1%         N/A       47%         3
 Iskenderun's Mystic Bla  Conj/Tloc      1%         2d3       87%         4
 Starburst                Conj/Fire      0%         6d3       100%        6


Dungeon Overview and Level Annotations

Branches:
Dungeon (3/15)

Altars:


Message History

You hit the orc.
You kill the orc!
You hit the orc.
You kill the orc!
Casting: Corona (safe; 3% risk of failure)
Confirm with . or Enter, or press ? or * to list all spells.
Aiming: Corona (safe; 3% risk of failure)
Press: ? - help, Shift-Dir - straight line, f - orc
Aim: an orc, wielding a +0 mace and wearing a +0 ring mail (chance to affect: 71%)
The orc barely resists.
Casting: Corona (safe; 3% risk of failure)
Confirm with . or Enter, or press ? or * to list all spells.
Aiming: Corona (safe; 3% risk of failure)
Press: ? - help, Shift-Dir - straight line, f/p - orc
Aim: an orc, wielding a +0 mace and wearing a +0 ring mail (chance to affect: 71%)
The orc is outlined in light.
The orc barely misses you.
You completely miss the orc.
The orc hits you from afar with a +0 trident.
The orc hits you with a +0 mace.
You hit the orc.
The orc is moderately wounded.
The orc closely misses you. The orc barely misses you.
You hit the orc but do no damage.
The orc is moderately wounded.
The orc hits you from afar with a +0 trident.
The orc barely misses you.
You completely miss the orc.
The orc is moderately wounded.
The orc completely misses you. The orc closely misses you.
You barely miss the orc.
The orc is moderately wounded.
The orc hits you from afar with a +0 trident!
* * * LOW HITPOINT WARNING * * *
The orc barely misses you.
You hit the orc.
The orc is severely wounded.
The orc hits you from afar with a +0 trident.
* * * LOW HITPOINT WARNING * * *
The orc hits you with a +0 mace.
You die...

.# #..##......#..##...♣.♣..# # .#
#..##......#........♣...######
.###..##.#######.###.............
.......#.#.....#.# ##....########
..##..##.#.#.#.#.# #.^#.# #
.......#...#.#...#.......# #
..##...#####.#####........ #
.......#.. #.#...#.....#.## #
#..#.### #.#.#.#@####.##.#
....... #.....#o# .. ..# #......#
#######o# ## ..# ......#
.####.#.## ...... ........)###.#
.####.#(.....# #.#..##..# # #(.#
.# #..# #


You could see 2 orcs.

Vanquished Creatures
  Jessica (D:3)
  A gnoll (D:1)
  3 adders (D:2)
  3 dart slugs
  2 orcs (D:3)
  5 ball pythons
  3 bats
  3 endoplasms
  2 giant cockroaches
  4 goblins
  5 hobgoblins
  A quokka (D:1)
  3 frilled lizards
  2 kobolds
  4 rats
42 creatures vanquished.

Notes
Turn   | Place    | Note
-------+----------+-------------------------------------------
     0 | D:1      | ZARRMARR the Deep Elf Arcane Marksman began the quest for
                  | the Orb.
     0 | D:1      | Reached XP level 1. HP: 11/11 MP: 5/5
    34 | D:1      | Reached skill level 3 in Bows
   179 | D:1      | Reached skill level 4 in Bows
   179 | D:1      | Reached XP level 2. HP: 16/16 MP: 4/6
   517 | D:1      | Reached XP level 3. HP: 20/20 MP: 7/7
   901 | D:2      | Reached skill level 5 in Bows
  1424 | D:2      | Reached XP level 4. HP: 15/24 MP: 3/8
  1784 | D:3      | Reached skill level 6 in Bows
  1832 | D:3      | Found a faded altar of an unknown god.
  1911 | D:3      | Noticed Jessica
  1919 | D:3      | Killed Jessica
  1964 | D:3      | Slain by an orc

Illustrated notes

Levels and vault maps discovered:
D:1:      dpeg_arrival_ternary, layout_loops_cross, serial_bayou_lake_a
D:2:      layout_basic, kennysheep_small_spiral
D:3:      layout_basic, chequers_ecumenical_altar_simple_redux,
          minmay_misc_feat_ornament, uniq_terence, uniq_jessica

Skill      XL: |  1  2  3  4 |
---------------+-------------+-----
Bows           | 4 5 6 |  6.5
Fighting       | |  0.7
Dodging        | |  2.4
Spellcasting   | |  1.5
Hexes          | |  4.0

Action                   |  1- 3 |  4- 6 || total
-------------------------+-------+-------++-------
Melee: Short sword       |    33 |    19 ||    52
 Fire: Shortbow          |    78 |    16 ||    94
 Cast: Corona            |    26 |    15 ||    41
  Use: Scroll            |       |     2 ||     2
Armor: Robe              |    11 |     1 ||    12
Dodge: Dodged            |    51 |    16 ||    67
